[Event "Live Chess"]
[Site "Chess.com"]
[Date "2010.12.14"]
[Round "-"]
[White "hipposcottimus"]
[Black "lionzion"]
[Result "1-0"]
[CurrentPosition "r2qr1k1/2pnppQp/6pB/p2P1b2/2p5/4R1P1/5P1P/2K3R1 b - -"]
[Timezone "UTC"]
[ECO "B07"]
[ECOUrl "https://www.chess.com/openings/Pirc-Defense-Modern-Defense-Geller-System-2...Nf6-3.Nc3-g6"]
[UTCDate "2010.12.14"]
[UTCTime "10:25:50"]
[WhiteElo "1650"]
[BlackElo "1821"]
[TimeControl "60"]
[Termination "hipposcottimus won by checkmate"]
[StartTime "10:25:50"]
[EndDate "2010.12.14"]
[EndTime "10:27:40"]
[Link "https://www.chess.com/game/live/77166846"]

1. e4 d6 2. Nf3 Nf6 3. Nc3 g6 4. d4 Bg7 5. e5 dxe5 6. dxe5 Nfd7 7. Bf4 b6 8. Qe2 Bb7 9. Nd4 Nc6 10. Nb3 Ncxe5 11. O-O-O Nc6 12. g3 Bxc3 13. bxc3 O-O 14. Bg2 a5 15. Nd4 Nxd4 16. cxd4 Bxg2 17. Rhg1 Bd5 18. Bh6 Re8 19. Qd3 Bxa2 20. Qa3 Bd5 21. c4 Bf3 22. Rd3 Be4 23. Re3 Bf5 24. Qc3 b5 25. d5 bxc4 26. Qg7# 1-0

[Event "Live Chess"]
[Site "Chess.com"]
[Date "2010.12.14"]
[Round "-"]
[White "lionzion"]
[Black "hipposcottimus"]
[Result "1-0"]
[CurrentPosition "r1b2rk1/5pQp/p1q5/1pn5/6PP/1P3P2/PBP3B1/1K1R2R1 b - -"]
[Timezone "UTC"]
[ECO "A40"]
[ECOUrl "https://www.chess.com/openings/Englund-Gambit-Declined-Reversed-Alekhine-Variation"]
[UTCDate "2010.12.14"]
[UTCTime "10:24:06"]
[WhiteElo "1821"]
[BlackElo "1650"]
[TimeControl "60"]
[Termination "lionzion won by checkmate"]
[StartTime "10:24:06"]
[EndDate "2010.12.14"]
[EndTime "10:25:36"]
[Link "https://www.chess.com/game/live/77166496"]

1. Nf3 e5 2. d4 e4 3. Nfd2 d5 4. f3 Nf6 5. b3 e3 6. Bb2 exd2+ 7. Qxd2 Bd6 8. Nc3 O-O 9. O-O-O c5 10. dxc5 Nh5 11. cxd6 Qxd6 12. g4 Nf4 13. h4 Nc6 14. Bg2 Nb4 15. Rhg1 b5 16. Kb1 a6 17. e3 Ne6 18. e4 d4 19. Nd5 Nxd5 20. exd5 Qxd5 21. Bxd4 Qb7 22. Bb2 Nc5 23. Qc3 Qc6 24. Qxg7# 1-0

[Event "Live Chess"]
[Site "Chess.com"]
[Date "2010.12.14"]
[Round "-"]
[White "GraemeWalsh"]
[Black "hipposcottimus"]
[Result "1-0"]
[CurrentPosition "2r5/6Rp/bp6/3N4/5P2/4Rk2/PPr4P/6K1 b - -"]
[Timezone "UTC"]
[ECO "B00"]
[ECOUrl "https://www.chess.com/openings/Nimzowitsch-Defense-Kennedy-Variation"]
[UTCDate "2010.12.14"]
[UTCTime "10:22:06"]
[WhiteElo "1958"]
[BlackElo "1650"]
[TimeControl "60"]
[Termination "GraemeWalsh won by checkmate"]
[StartTime "10:22:06"]
[EndDate "2010.12.14"]
[EndTime "10:23:51"]
[Link "https://www.chess.com/game/live/77166114"]

1. e4 e5 2. d4 Nc6 3. Nf3 exd4 4. Bc4 d5 5. Bxd5 Nf6 6. Bxc6+ bxc6 7. e5 Ne4 8. Qxd4 Qd5 9. Qxd5 cxd5 10. O-O c6 11. Nbd2 Ba6 12. Re1 Nxd2 13. Bxd2 Bc5 14. Be3 Bb6 15. Bxb6 axb6 16. e6 O-O 17. exf7+ Rxf7 18. Ne5 Re7 19. Nxc6 Rc7 20. Ne7+ Kf7 21. Nxd5 Rxc2 22. Re7+ Kg6 23. Rae1 Rac8 24. R1e6+ Kg5 25. f4+ Kh5 26. g4+ Kxg4 27. Rxg7+ Kf3 28. Re3# 1-0

[Event "Live Chess"]
[Site "Chess.com"]
[Date "2010.12.14"]
[Round "-"]
[White "hipposcottimus"]
[Black "DimitrisC"]
[Result "1-0"]
[CurrentPosition "r3r1k1/p1p2bpp/1b6/1N3p2/5P2/3P3R/PP4PP/5R1K b - -"]
[Timezone "UTC"]
[ECO "C57"]
[ECOUrl "https://www.chess.com/openings/Italian-Game-Knight-Attack-Fritz-Variation-6.c3-b5"]
[UTCDate "2010.12.14"]
[UTCTime "10:19:39"]
[WhiteElo "1650"]
[BlackElo "1407"]
[TimeControl "60"]
[Termination "hipposcottimus won on time"]
[StartTime "10:19:39"]
[EndDate "2010.12.14"]
[EndTime "10:21:53"]
[Link "https://www.chess.com/game/live/77165614"]

1. e4 e5 2. Nf3 Nc6 3. Bc4 Nf6 4. Ng5 d5 5. exd5 Nd4 6. c3 b5 7. cxd4 bxc4 8. Qa4+ Bd7 9. Qxc4 exd4 10. Qxd4 Bd6 11. Ne4 Be7 12. O-O O-O 13. d3 Bc6 14. Qc4 Bxd5 15. Nxf6+ Bxf6 16. Qf4 Re8 17. Nc3 Be5 18. Qg4 Be6 19. Qg5 Qd6 20. Qe3 f5 21. f4 Bf6 22. Qg3 Bd4+ 23. Kh1 Bf7 24. Be3 Bxe3 25. Rf3 Bb6 26. Nb5 Qg6 27. Qh3 Qh6 28. Raf1 Qxh3 29. Rxh3 1-0

[Event "Live Chess"]
[Site "Chess.com"]
[Date "2010.12.14"]
[Round "-"]
[White "hipposcottimus"]
[Black "Stephon123"]
[Result "1-0"]
[CurrentPosition "8/p1P3pk/P7/6Q1/P3p3/3r4/5PPP/R5K1 b - -"]
[Timezone "UTC"]
[ECO "C57"]
[ECOUrl "https://www.chess.com/openings/Italian-Game-Knight-Attack"]
[UTCDate "2010.12.14"]
[UTCTime "10:13:19"]
[WhiteElo "1650"]
[BlackElo "1255"]
[TimeControl "60"]
[Termination "hipposcottimus won on time"]
[StartTime "10:13:19"]
[EndDate "2010.12.14"]
[EndTime "10:15:11"]
[Link "https://www.chess.com/game/live/77164417"]

1. e4 e5 2. Nf3 Nc6 3. Bc4 Nf6 4. Ng5 Be7 5. Nxf7 d5 6. Nxd8 dxc4 7. Nxc6 bxc6 8. O-O Ba6 9. d3 cxd3 10. cxd3 c5 11. Nc3 c4 12. Bg5 cxd3 13. Re1 Rd8 14. Re3 O-O 15. Bxf6 Bxf6 16. Nd5 Rxd5 17. exd5 e4 18. b4 Re8 19. a4 Bg5 20. Rg3 d2 21. b5 h6 22. Rxg5 Kh7 23. bxa6 hxg5 24. Qxd2 c6 25. Qxg5 Rd8 26. dxc6 Rd3 27. c7 1-0

[Event "Live Chess"]
[Site "Chess.com"]
[Date "2010.12.14"]
[Round "-"]
[White "DimitrisC"]
[Black "hipposcottimus"]
[Result "0-1"]
[CurrentPosition "r4k2/1p5p/p5p1/2P5/3N1n2/2P2N2/P1b2PPP/4R1K1 w - -"]
[Timezone "UTC"]
[ECO "D00"]
[ECOUrl "https://www.chess.com/openings/Queens-Pawn-Opening-Blackmar-Gambit"]
[UTCDate "2010.12.14"]
[UTCTime "10:10:43"]
[WhiteElo "1407"]
[BlackElo "1648"]
[TimeControl "60"]
[Termination "hipposcottimus won on time"]
[StartTime "10:10:43"]
[EndDate "2010.12.14"]
[EndTime "10:12:53"]
[Link "https://www.chess.com/game/live/77163833"]

1. d4 d5 2. e4 c5 3. e5 f6 4. c3 fxe5 5. Qh5+ g6 6. Qxe5 Nc6 7. Qxh8 Nf6 8. Bh6 Kf7 9. Bxf8 Qxf8 10. Qxf8+ Kxf8 11. dxc5 e5 12. Bb5 Ne7 13. Nf3 a6 14. Ba4 e4 15. Nd4 Ng4 16. O-O Ne5 17. Bb3 Nd3 18. Bxd5 Nxd5 19. Nd2 Nxb2 20. Nxe4 Nd3 21. Rfd1 Nb2 22. Rd2 Nc4 23. Re2 Nf4 24. Ree1 Nd3 25. Red1 Ndb2 26. Rd2 Nxd2 27. Nxd2 Nd3 28. Rd1 Nf4 29. N2f3 Bf5 30. Re1 Bc2 0-1

[Event "Live Chess"]
[Site "Chess.com"]
[Date "2010.12.14"]
[Round "-"]
[White "hipposcottimus"]
[Black "dantime13"]
[Result "1-0"]
[CurrentPosition "4r3/6bp/2k2q2/1PPp4/8/7Q/P4P1P/R4RK1 b - -"]
[Timezone "UTC"]
[ECO "B12"]
[ECOUrl "https://www.chess.com/openings/Caro-Kann-Defense-2.d4"]
[UTCDate "2010.12.14"]
[UTCTime "10:06:38"]
[WhiteElo "1648"]
[BlackElo "1650"]
[TimeControl "60"]
[Termination "hipposcottimus won on time"]
[StartTime "10:06:38"]
[EndDate "2010.12.14"]
[EndTime "10:08:48"]
[Link "https://www.chess.com/game/live/77163130"]

1. e4 c6 2. d4 b5 3. c4 a6 4. cxb5 axb5 5. Nc3 Bb7 6. Nf3 e6 7. Bd3 d5 8. e5 f6 9. Nxb5 cxb5 10. Bxb5+ Bc6 11. Qb3 Bxb5 12. Qxb5+ Nd7 13. O-O Rb8 14. Qa4 Kf7 15. g4 Nb6 16. Qc2 Rc8 17. Qd2 Nc4 18. Qf4 g5 19. Nxg5+ Ke8 20. Nxe6 Kd7 21. exf6 Qe8 22. Nc5+ Rxc5 23. dxc5 Qf7 24. Be3 Nxe3 25. Qxe3 Nxf6 26. b4 Bg7 27. Qh3 Re8 28. g5+ Kc6 29. gxf6 Qxf6 30. b5+ 1-0

[Event "Live Chess"]
[Site "Chess.com"]
[Date "2010.12.14"]
[Round "-"]
[White "hipposcottimus"]
[Black "caturku1"]
[Result "1-0"]
[CurrentPosition "r2k2r1/pp2bR2/4Pn2/2P5/2P3n1/2N2N2/PP4PP/R1B3K1 b - -"]
[Timezone "UTC"]
[ECO "C40"]
[ECOUrl "https://www.chess.com/openings/Kings-Pawn-Opening-Kings-Knight-Gunderam-Gambit"]
[UTCDate "2010.12.14"]
[UTCTime "10:04:09"]
[WhiteElo "1640"]
[BlackElo "1474"]
[TimeControl "60"]
[Termination "hipposcottimus won on time"]
[StartTime "10:04:09"]
[EndDate "2010.12.14"]
[EndTime "10:06:11"]
[Link "https://www.chess.com/game/live/77162483"]

1. e4 e5 2. Nf3 c6 3. c4 d6 4. Nc3 f6 5. d3 Bg4 6. Be2 Be7 7. Nd2 Be6 8. Bg4 Bf7 9. O-O Nd7 10. f4 f5 11. fxe5 fxg4 12. exd6 Bxd6 13. Qxg4 Ngf6 14. Qxg7 Rg8 15. Qh6 Ng4 16. Qxh7 Qg5 17. Qxf7+ Kd8 18. Rf5 Qg6 19. Nf3 Qxf7 20. Rxf7 Bc5+ 21. d4 Be7 22. e5 c5 23. e6 Ndf6 24. dxc5 1-0

[Event "Live Chess"]
[Site "Chess.com"]
[Date "2010.12.14"]
[Round "-"]
[White "Amphie31"]
[Black "hipposcottimus"]
[Result "0-1"]
[CurrentPosition "r1b3k1/pp4pp/8/4p3/8/8/PPP3PP/5r1K w - -"]
[Timezone "UTC"]
[ECO "C50"]
[ECOUrl "https://www.chess.com/openings/Italian-Game"]
[UTCDate "2010.12.14"]
[UTCTime "10:01:47"]
[WhiteElo "1398"]
[BlackElo "1635"]
[TimeControl "60"]
[Termination "hipposcottimus won by checkmate"]
[StartTime "10:01:47"]
[EndDate "2010.12.14"]
[EndTime "10:03:00"]
[Link "https://www.chess.com/game/live/77162190"]

1. e4 e5 2. Bc4 Nc6 3. Nf3 Nf6 4. Ng5 d5 5. exd5 Na5 6. Nxf7 Kxf7 7. d6+ Nxc4 8. dxc7 Qxc7 9. O-O Bc5 10. d3 Nd6 11. Be3 Rf8 12. Bxc5 Qxc5 13. Nc3 Kg8 14. Ne4 Ndxe4 15. dxe4 Nxe4 16. Kh1 Nxf2+ 17. Rxf2 Qxf2 18. Qf1 Qxf1+ 19. Rxf1 Rxf1# 0-1

[Event "Live Chess"]
[Site "Chess.com"]
[Date "2010.12.14"]
[Round "-"]
[White "hipposcottimus"]
[Black "Amphie31"]
[Result "1-0"]
[CurrentPosition "r4rk1/pp1b2pp/2p5/6P1/3q1p2/3B1R2/PP2QN1P/6K1 b - -"]
[Timezone "UTC"]
[ECO "C21"]
[ECOUrl "https://www.chess.com/openings/Center-Game-Accepted-Ross-Gambit"]
[UTCDate "2010.12.14"]
[UTCTime "09:59:47"]
[WhiteElo "1632"]
[BlackElo "1401"]
[TimeControl "60"]
[Termination "hipposcottimus won on time"]
[StartTime "09:59:47"]
[EndDate "2010.12.14"]
[EndTime "10:01:40"]
[Link "https://www.chess.com/game/live/77161837"]

1. e4 e5 2. d4 exd4 3. Bd3 Nc6 4. c3 d6 5. cxd4 Nxd4 6. Nc3 Be6 7. Be3 Nc6 8. Nf3 Be7 9. O-O Nf6 10. e5 dxe5 11. Nxe5 Nxe5 12. Bb5+ Bd7 13. Be2 O-O 14. f4 Neg4 15. Bf2 Nxf2 16. Rxf2 Bc5 17. Ne4 Bxf2+ 18. Nxf2 c6 19. Qc2 Nd5 20. Bd3 f5 21. g4 Ne3 22. Qd2 Qf6 23. g5 Qd4 24. Re1 Qxf4 25. Rxe3 Qg4+ 26. Rg3 Qd4 27. Qe2 f4 28. Rf3 1-0

[Event "Live Chess"]
[Site "Chess.com"]
[Date "2010.12.14"]
[Round "-"]
[White "Amphie31"]
[Black "hipposcottimus"]
[Result "0-1"]
[CurrentPosition "1R6/p1p3pp/5rk1/5n2/4Qp2/2PP4/P1P2PPP/6K1 w - -"]
[Timezone "UTC"]
[ECO "C42"]
[ECOUrl "https://www.chess.com/openings/Petrovs-Defense-Urusov-Gambit"]
[UTCDate "2010.12.14"]
[UTCTime "09:57:49"]
[WhiteElo "1404"]
[BlackElo "1629"]
[TimeControl "60"]
[Termination "hipposcottimus won on time"]
[StartTime "09:57:49"]
[EndDate "2010.12.14"]
[EndTime "09:59:41"]
[Link "https://www.chess.com/game/live/77161424"]

1. e4 e5 2. Bc4 Nf6 3. Nf3 Nc6 4. Nc3 Bb4 5. d3 d5 6. exd5 Nxd5 7. Bd2 Nf4 8. Bxf4 Bxc3+ 9. bxc3 exf4 10. O-O Be6 11. Qe2 O-O 12. Bxe6 fxe6 13. Qxe6+ Kh8 14. Ng5 Rf6 15. Qe4 Rh6 16. Nf7+ Kg8 17. Nxd8 Rxd8 18. Rfe1 Rf8 19. Rab1 Rg6 20. Rxb7 Rgf6 21. Reb1 Ne7 22. Rb8 Kf7 23. Rxf8+ Kxf8 24. Rb8+ Kf7 25. Qc4+ Kg6 26. Qe4+ Nf5 0-1

[Event "Live Chess"]
[Site "Chess.com"]
[Date "2010.12.14"]
[Round "-"]
[White "hipposcottimus"]
[Black "Amphie31"]
[Result "0-1"]
[CurrentPosition "N4b1r/pp1knppp/3p2q1/3Bp3/4P3/5P1b/PPPP1P1P/R1BQ1R1K b - -"]
[Timezone "UTC"]
[ECO "C50"]
[ECOUrl "https://www.chess.com/openings/Italian-Game"]
[UTCDate "2010.12.14"]
[UTCTime "09:56:41"]
[WhiteElo "1625"]
[BlackElo "1408"]
[TimeControl "60"]
[Termination "Amphie31 won by resignation"]
[StartTime "09:56:41"]
[EndDate "2010.12.14"]
[EndTime "09:57:40"]
[Link "https://www.chess.com/game/live/77161220"]

1. e4 e5 2. Nf3 Nc6 3. Bc4 Qf6 4. Nc3 Nge7 5. Bd5 Nd4 6. O-O Nxf3+ 7. gxf3 d6 8. Nb5 Bh3 9. Nxc7+ Kd7 10. Nxa8 Qg6+ 11. Kh1 0-1

[Event "Live Chess"]
[Site "Chess.com"]
[Date "2010.12.14"]
[Round "-"]
[White "Amphie31"]
[Black "hipposcottimus"]
[Result "0-1"]
[CurrentPosition "7k/pp4pp/2p3r1/8/5pR1/P2P1P1P/1Pr2P1K/4B1R1 w - -"]
[Timezone "UTC"]
[ECO "C42"]
[ECOUrl "https://www.chess.com/openings/Petrovs-Defense-Urusov-Gambit"]
[UTCDate "2010.12.14"]
[UTCTime "09:54:40"]
[WhiteElo "1394"]
[BlackElo "1637"]
[TimeControl "60"]
[Termination "hipposcottimus won on time"]
[StartTime "09:54:40"]
[EndDate "2010.12.14"]
[EndTime "09:56:33"]
[Link "https://www.chess.com/game/live/77160805"]

1. e4 e5 2. Bc4 Nf6 3. Nf3 d5 4. exd5 Nxd5 5. Bxd5 Qxd5 6. O-O Bg4 7. Nc3 Qc6 8. h3 Bxf3 9. Qxf3 Qxf3 10. gxf3 Bd6 11. Ne4 Be7 12. d3 f5 13. Ng3 f4 14. Nf5 O-O 15. Nxe7+ Kh8 16. Nd5 c6 17. Nc3 Na6 18. a3 Nc5 19. Bd2 Ne6 20. Ne4 Ng5 21. Nxg5 Rf5 22. Ne6 Rf6 23. Nxf4 exf4 24. Kh2 Rg6 25. Rg1 Rf6 26. Raf1 Re8 27. Rg4 Re2 28. Be1 Rxc2 29. Rfg1 Rg6 0-1

[Event "Live Chess"]
[Site "Chess.com"]
[Date "2010.12.14"]
[Round "-"]
[White "deathrider2010"]
[Black "hipposcottimus"]
[Result "1-0"]
[CurrentPosition "r1b4k/pp4p1/2p2nB1/2q4P/3N4/1PP5/P1Q3P1/3K2R1 b - -"]
[Timezone "UTC"]
[ECO "B12"]
[ECOUrl "https://www.chess.com/openings/Caro-Kann-Defense-2.d4-d5"]
[UTCDate "2010.12.14"]
[UTCTime "09:52:22"]
[WhiteElo "1604"]
[BlackElo "1634"]
[TimeControl "60"]
[Termination "deathrider2010 won on time"]
[StartTime "09:52:22"]
[EndDate "2010.12.14"]
[EndTime "09:54:07"]
[Link "https://www.chess.com/game/live/77160298"]

1. d4 d5 2. e4 c6 3. c3 dxe4 4. Nd2 Nf6 5. f3 e6 6. fxe4 Be7 7. Bd3 O-O 8. Qc2 Ne8 9. Ne2 f5 10. Nf3 fxe4 11. Bxe4 Bf6 12. Bxh7+ Kh8 13. h4 Nd7 14. Bg5 Bxg5 15. Nxg5 Nef6 16. Bg6 e5 17. Nf7+ Rxf7 18. Bxf7 exd4 19. Nxd4 Ne5 20. Bg6 Qe7 21. O-O-O Qc5 22. b3 Neg4 23. h5 Nf2 24. Rhg1 Nxd1 25. Kxd1 1-0

[Event "Live Chess"]
[Site "Chess.com"]
[Date "2010.12.14"]
[Round "-"]
[White "hipposcottimus"]
[Black "deathrider2010"]
[Result "0-1"]
[CurrentPosition "8/1R5p/P1k1p1p1/1p3p2/8/1P3P2/6PP/6K1 w - -"]
[Timezone "UTC"]
[ECO "B12"]
[ECOUrl "https://www.chess.com/openings/Caro-Kann-Defense-2.d4"]
[UTCDate "2010.12.14"]
[UTCTime "09:49:36"]
[WhiteElo "1643"]
[BlackElo "1595"]
[TimeControl "60"]
[Termination "deathrider2010 won on time"]
[StartTime "09:49:36"]
[EndDate "2010.12.14"]
[EndTime "09:51:43"]
[Link "https://www.chess.com/game/live/77159741"]

1. e4 c6 2. d4 b6 3. d5 d6 4. dxc6 Nxc6 5. Bb5 Bd7 6. Nc3 g6 7. Nge2 Nf6 8. O-O Bg7 9. Bg5 O-O 10. Bxf6 Bxf6 11. Nd5 Bg7 12. Nef4 Ne5 13. Bd3 Nxd3 14. Nxd3 Be6 15. Ne3 Bd7 16. Rb1 Bc8 17. c4 Bb7 18. f3 Rb8 19. Ng4 e6 20. e5 dxe5 21. Ndxe5 Qxd1 22. Rbxd1 Bxe5 23. Nxe5 Ba6 24. Nd7 Rbd8 25. Nxf8 Rxd1 26. Rxd1 Kxf8 27. Rd8+ Ke7 28. Ra8 Bxc4 29. Rxa7+ Kd6 30. b3 Bb5 31. a4 Bc6 32. Ra6 Kc7 33. Ra7+ Bb7 34. a5 f5 35. a6 Kc6 36. Rxb7 b5 0-1

[Event "Live Chess"]
[Site "Chess.com"]
[Date "2010.12.14"]
[Round "-"]
[White "hipposcottimus"]
[Black "laconnect"]
[Result "0-1"]
[CurrentPosition "5rkB/pb1r2Np/1p3Qp1/1q1p4/8/8/PP3PPP/4RRK1 w - -"]
[Timezone "UTC"]
[ECO "B00"]
[ECOUrl "https://www.chess.com/openings/Nimzowitsch-Defense-Kennedy-Linksspringer-Variation-3...Nce7-4.c4"]
[UTCDate "2010.12.14"]
[UTCTime "09:45:13"]
[WhiteElo "1641"]
[BlackElo "1830"]
[TimeControl "60"]
[Termination "laconnect won on time"]
[StartTime "09:45:13"]
[EndDate "2010.12.14"]
[EndTime "09:47:17"]
[Link "https://www.chess.com/game/live/77158912"]

1. e4 Nc6 2. d4 e5 3. d5 Nce7 4. c4 c6 5. Nc3 cxd5 6. cxd5 b6 7. Bb5 Nf6 8. Nf3 Qc7 9. O-O g6 10. Bg5 Bg7 11. Bh4 O-O 12. Bg3 Re8 13. Bxe5 Qc5 14. Bd4 Qd6 15. e5 Qc7 16. exf6 Bxf6 17. Bxf6 Nf5 18. d6 Nxd6 19. Qd4 Nxb5 20. Nxb5 Qc6 21. Bh8 f6 22. Bxf6 Qxb5 23. Bh8 Re7 24. Ng5 d5 25. Rae1 Rd7 26. Qf6 Bb7 27. Ne6 Re8 28. Ng7 Rf8 0-1

[Event "Live Chess"]
[Site "Chess.com"]
[Date "2010.12.14"]
[Round "-"]
[White "realproto"]
[Black "hipposcottimus"]
[Result "0-1"]
[CurrentPosition "5k2/p1p3pp/1p2P3/8/2QP1q2/4p3/PP4PP/6K1 w - -"]
[Timezone "UTC"]
[ECO "A00"]
[ECOUrl "https://www.chess.com/openings/Saragossa-Opening-1...e5"]
[UTCDate "2010.12.14"]
[UTCTime "09:41:54"]
[WhiteElo "1595"]
[BlackElo "1649"]
[TimeControl "60"]
[Termination "hipposcottimus won on time"]
[StartTime "09:41:54"]
[EndDate "2010.12.14"]
[EndTime "09:44:02"]
[Link "https://www.chess.com/game/live/77158219"]

1. c3 e5 2. Qb3 d5 3. e3 b6 4. d4 exd4 5. exd4 Nf6 6. Be2 Ne4 7. Nf3 Be6 8. O-O Be7 9. Ne5 O-O 10. Bf4 f6 11. Ng4 Bxg4 12. Bxg4 f5 13. Bf3 Nc6 14. Be5 Na5 15. Qc2 Bf6 16. Bxe4 fxe4 17. f4 Bxe5 18. fxe5 Rxf1+ 19. Kxf1 Qf8+ 20. Kg1 Qf4 21. Nd2 Rf8 22. Rf1 Qg5 23. Rxf8+ Kxf8 24. c4 dxc4 25. Nxc4 Qf4 26. e6 Nxc4 27. Qxc4 e3 0-1

[Event "Live Chess"]
[Site "Chess.com"]
[Date "2010.12.14"]
[Round "-"]
[White "hipposcottimus"]
[Black "realproto"]
[Result "0-1"]
[CurrentPosition "r1b2rk1/pp1p3p/4p1p1/1B2P1N1/1n2Q3/2N5/PPn2qPP/2R2K1R w - -"]
[Timezone "UTC"]
[ECO "C00"]
[ECOUrl "https://www.chess.com/openings/French-Defense-Normal-Variation"]
[UTCDate "2010.12.14"]
[UTCTime "09:40:24"]
[WhiteElo "1642"]
[BlackElo "1602"]
[TimeControl "60"]
[Termination "realproto won by checkmate"]
[StartTime "09:40:24"]
[EndDate "2010.12.14"]
[EndTime "09:41:36"]
[Link "https://www.chess.com/game/live/77157930"]

1. e4 e6 2. d4 Bb4+ 3. Bd2 c5 4. Bxb4 cxb4 5. c3 bxc3 6. Nxc3 Ne7 7. Bb5 Nbc6 8. Nf3 O-O 9. e5 Nd5 10. Qc2 Ndb4 11. Qe4 Qb6 12. Ng5 g6 13. d5 Nd4 14. dxe6 Ndc2+ 15. Kf1 fxe6 16. Rc1 Qxf2# 0-1

[Event "Live Chess"]
[Site "Chess.com"]
[Date "2010.12.14"]
[Round "-"]
[White "realproto"]
[Black "hipposcottimus"]
[Result "1-0"]
[CurrentPosition "k2r3r/ppQP1p1p/8/8/3qb1p1/1P2BpP1/P4K1P/2R2B2 b - -"]
[Timezone "UTC"]
[ECO "A00"]
[ECOUrl "https://www.chess.com/openings/Saragossa-Opening-Hanham-Variation-Hayward-Variation"]
[UTCDate "2010.12.14"]
[UTCTime "09:38:00"]
[WhiteElo "1593"]
[BlackElo "1651"]
[TimeControl "60"]
[Termination "realproto won on time"]
[StartTime "09:38:00"]
[EndDate "2010.12.14"]
[EndTime "09:40:09"]
[Link "https://www.chess.com/game/live/77157429"]

1. c3 e5 2. Qc2 d5 3. e3 Ne7 4. Nf3 Bf5 5. d3 e4 6. Nd4 Bg6 7. Be2 Qd7 8. O-O Nbc6 9. Nxc6 Qxc6 10. d4 O-O-O 11. Nd2 Qf6 12. b3 Nf5 13. Bb2 Nh4 14. c4 Qg5 15. g3 Nf3+ 16. Nxf3 exf3 17. Bd3 Bh5 18. Bf5+ Kb8 19. e4 g6 20. Bc1 Qf6 21. Bh3 g5 22. Re1 g4 23. Bf1 Bg6 24. cxd5 Qg7 25. Bf4 Bb4 26. Qxc7+ Ka8 27. d6 Bxe1 28. d7 Bxf2+ 29. Kxf2 Bxe4 30. Rc1 Qxd4+ 31. Be3 1-0

[Event "Live Chess"]
[Site "Chess.com"]
[Date "2010.12.14"]
[Round "-"]
[White "hipposcottimus"]
[Black "realproto"]
[Result "1-0"]
[CurrentPosition "3r4/1p1N1kb1/p1p4p/4p3/6Q1/4q3/PP4PP/5R1K b - -"]
[Timezone "UTC"]
[ECO "A40"]
[ECOUrl "https://www.chess.com/openings/Modern-Defense-with-1-d4-2.c4-Bg7-3.e4"]
[UTCDate "2010.12.14"]
[UTCTime "09:35:23"]
[WhiteElo "1660"]
[BlackElo "1582"]
[TimeControl "60"]
[Termination "hipposcottimus won on time"]
[StartTime "09:35:23"]
[EndDate "2010.12.14"]
[EndTime "09:37:34"]
[Link "https://www.chess.com/game/live/77156935"]

1. e4 g6 2. d4 Bg7 3. c4 e6 4. Nc3 Ne7 5. e5 O-O 6. f4 d6 7. Nf3 c6 8. Be3 Qb6 9. Qd2 d5 10. Be2 Nd7 11. O-O dxc4 12. Bxc4 Nd5 13. Bb3 Nxe3 14. Qxe3 a6 15. Qf2 Qa7 16. Qg3 Nb6 17. Qh3 Bd7 18. Ng5 h6 19. Nf3 Rad8 20. Bc2 Nc4 21. f5 Ne3 22. fxg6 Nxc2 23. gxf7+ Rxf7 24. Rac1 Nxd4 25. Kh1 Nxf3 26. Rxf3 Rxf3 27. Qxf3 Bxe5 28. Qg4+ Bg7 29. Ne4 e5 30. Nf6+ Kf7 31. Nxd7 Qe3 32. Rf1+ 1-0

[Event "Live Chess"]
[Site "Chess.com"]
[Date "2010.12.14"]
[Round "-"]
[White "realproto"]
[Black "hipposcottimus"]
[Result "0-1"]
[CurrentPosition "2r3k1/p2r1ppp/8/1N1n4/8/B1p1P3/PPB2PPP/R5K1 w - -"]
[Timezone "UTC"]
[ECO "A04"]
[ECOUrl "https://www.chess.com/openings/Reti-Opening-Ross-Gambit"]
[UTCDate "2010.12.14"]
[UTCTime "09:33:10"]
[WhiteElo "1589"]
[BlackElo "1653"]
[TimeControl "60"]
[Termination "hipposcottimus won on time"]
[StartTime "09:33:10"]
[EndDate "2010.12.14"]
[EndTime "09:34:56"]
[Link "https://www.chess.com/game/live/77156482"]

1. Nf3 e5 2. e3 d6 3. Be2 e4 4. Nd4 c5 5. Nb3 Nf6 6. c4 d5 7. O-O dxc4 8. Bxc4 Nc6 9. Nc3 Be7 10. Qc2 Bf5 11. Rd1 O-O 12. d4 exd3 13. Bxd3 Nb4 14. Bxf5 Nxc2 15. Rxd8 Raxd8 16. Bxc2 c4 17. Nd4 Bb4 18. Bd2 Bxc3 19. Bxc3 b5 20. Nxb5 Nd5 21. Bd4 Rd7 22. Bc5 Rc8 23. Ba3 c3 0-1

[Event "Live Chess"]
[Site "Chess.com"]
[Date "2010.12.14"]
[Round "-"]
[White "hipposcottimus"]
[Black "DimitrisC"]
[Result "1-0"]
[CurrentPosition "6k1/p5p1/2p5/2P5/3r4/3q4/1K3p2/8 b - -"]
[Timezone "UTC"]
[ECO "B07"]
[ECOUrl "https://www.chess.com/openings/Lion-Defense-4.Nf3"]
[UTCDate "2010.12.14"]
[UTCTime "09:30:14"]
[WhiteElo "1646"]
[BlackElo "1407"]
[TimeControl "60"]
[Termination "hipposcottimus won on time"]
[StartTime "09:30:14"]
[EndDate "2010.12.14"]
[EndTime "09:32:34"]
[Link "https://www.chess.com/game/live/77155857"]

1. e4 d6 2. d4 Nf6 3. Nc3 Nbd7 4. Nf3 e5 5. dxe5 Nxe5 6. Nd5 c6 7. Nxe5 dxe5 8. Ne3 Qxd1+ 9. Kxd1 Nxe4 10. f3 Nf2+ 11. Ke2 Nxh1 12. Bd2 Bc5 13. Ng4 Bxg4 14. fxg4 Nf2 15. Be3 Bxe3 16. Kxe3 Nxg4+ 17. Ke2 Nxh2 18. Ke1 Nxf1 19. Kxf1 O-O 20. Ke2 e4 21. Rh1 f5 22. c3 f4 23. c4 f3+ 24. gxf3 exf3+ 25. Kf2 Rae8 26. b4 Re2+ 27. Kg3 f2 28. Rf1 Rxa2 29. Kg2 h5 30. Kh2 h4 31. Kg2 Re2 32. Kh2 Re1 33. Kg2 Rxf1 34. Kxf1 h3 35. b5 h2 36. bxc6 bxc6 37. Ke2 h1=Q 38. Kd3 Qd1+ 39. Kc3 Rb8 40. c5 Qe2 41. Kd4 Rd8+ 42. Kc3 Qd1 43. Kc4 Rd4+ 44. Kc3 Qf3+ 45. Kc2 Qd3+ 46. Kb2 1-0